 Dungeon Crawl Stone Soup version 0.25.0-11-g1f837a76a1 (webtiles) character file.

Game seed: 6407945279225196104

203 mopl the Chopper (level 5, 0/41 HPs)
             Began as a Demonspawn Fighter on June 24, 2020.
             Succumbed to an orc wizard's poison
             ... on level 3 of the Dungeon.
             The game lasted 00:02:56 (2101 turns).

mopl the Chopper (Demonspawn Fighter)               Turns: 2101, Time: 00:02:57

Health: 0/41       AC:  6    Str: 17    XL:     5   Next: 51%
Magic:  2/5        EV:  6    Int:  9    God:
Gold:   109        SH:  8    Dex: 13    Spells: 4/4 levels left

rFire    . . .     SeeInvis .   a - +0 war axe
rCold    . . .     Gourm    .   c - +0 kite shield
rNeg     . . .     Faith    .   b - +0 scale mail
rPois    .         Spirit   +   (helmet restricted)
rElec    .         Reflect  .   (no cloak)
rCorr    .         Harm     .   (no gloves)
MR       .....                  (no boots)
Stlth    ..........             (no amulet)
HPRegen  0.13/turn              (no ring)
MPRegen  0.09/turn              (no ring)

@: mighty, lethally poisoned (0 -> -1), berserk cooldown, hasted and slowed
A: horns 1, magic shield
a: no special abilities


You were on level 3 of the Dungeon.
You were not hungry.

You visited 1 branch of the dungeon, and saw 3 of its levels.

You collected 109 gold pieces.

Inventory:

Hand Weapons
 a - a +0 war axe (weapon)
 n - a +2 hand axe of distortion
Missiles
 k - 23 poisoned darts (quivered)
Armour
 b - a +0 scale mail (worn)
 c - a +0 kite shield (worn)
Wands
 i - a wand of iceblast (9)
Scrolls
 g - a scroll of immolation {unknown}
 h - a scroll of noise {unknown}
 j - a scroll of blinking {unknown}
 l - a scroll of magic mapping {unknown}
 m - a scroll of enchant weapon {unknown}
 q - a scroll of fear {unknown}
Comestibles
 f - 2 rations
 r - a chunk of flesh


   Skills:
 - Level 3.0 Fighting
 + Level 5.3 Axes
 - Level 2.6 Armour
 - Level 2.6 Shields


You had 4 spell levels left.
You didn't know any spells.
Your spell library was empty.

Dungeon Overview and Level Annotations

Branches:
Dungeon (3/15)

Altars:
Uskayaw
The Shining One


Innate Abilities, Weirdness & Mutations

You have a pair of small horns on your head.
When hurt, damage is shared between your health and your magic reserves.


Message History

The goblin unwields a +0 dagger.
The goblin wields a +0 hunting sling.
The goblin shoots a stone.
You block the stone.
Items here: ( )) [ † a stone; a +1 dagger of venom; a +0 robe; a +0 morningstar; an orc corpse You feel a strong urge to attack something.
You are no longer berserk.
You are exhausted.
You feel yourself slow down.
The goblin shoots a stone.
You block the stone.
Items here: ( )) [ † 2 stones; a +1 dagger of venom; a +0 robe; a +0 morningstar; an orc corpse You feel sick.
You feel sick.
You feel sick.
The goblin shoots a stone.
The stone hits you.
* * * LOW HITPOINT WARNING * * *
The goblin shoots a stone.
The stone barely misses you.
The goblin shoots a stone.
The stone hits you but does no damage.
You see here a stone.
You feel very mighty all of a sudden.
The goblin shoots a stone.
The stone hits you but does no damage.
You die...

#.÷###.#..##...###..#
#.##########........### ...
..........####.... .....
#.................
........###......g..###.#...
....................# #.#...
#####.####)(........# #.#...
#. #g############.#...
###)@(........##.###.
#.............##.....
#.........(...#######
##.............# #
#..............# #
#..............# #
#..............# #
#.......÷......# #
#..#...........#


You could see a goblin.

Vanquished Creatures
  3 orc wizards
  An adder (D:3)
  An ooze (D:1)
  2 worms (D:2)
  4 dart slugs
  A leopard gecko (D:1)
  7 orcs
  A ball python (D:2)
  6 bats
  4 giant cockroaches
  11 goblins
  11 hobgoblins
  4 jackals (D:1)
  9 kobolds
  A quokka (D:2)
  5 frilled lizards
  8 rats
79 creatures vanquished.

Notes
Turn   | Place    | Note
-------+----------+-------------------------------------------
     0 | D:1      | mopl the Demonspawn Fighter began the quest for the Orb.
     0 | D:1      | Reached XP level 1. HP: 18/18 MP: 1/1
    25 | D:1      | Reached skill level 2 in Axes
    55 | D:1      | Gained mutation: You have a pair of small horns on your
                  | head. [demonic ancestry]
    55 | D:1      | Reached XP level 2. HP: 21/24 MP: 2/2
   194 | D:1      | Reached skill level 3 in Axes
   253 | D:1      | Reached XP level 3. HP: 23/29 MP: 3/3
   989 | D:2      | Reached XP level 4. HP: 35/35 MP: 4/4
  1000 | D:2      | Reached skill level 4 in Axes
  1304 | D:2      | Found a hide-covered altar of Uskayaw.
  1305 | D:2      | Found a glowing golden altar of the Shining One.
  1701 | D:2      | Gained mutation: When hurt, damage is shared between your
                  | health and your magic reserves. [demonic ancestry]
  1701 | D:2      | Reached XP level 5. HP: 3/41 MP: 5/5
  2074 | D:3      | Reached skill level 5 in Axes
  2097 | D:3      | HP: 1/41 [goblin/stone (3)]
  2101 | D:3      | Succumbed to an orc wizard's poison

Illustrated notes

Levels and vault maps discovered:
D:1:      psy_arrival_spokes, layout_basic
D:2:      layout_loops_corners, gammafunk_temple_overflow_pools
D:3:      layout_basic, lemuel_round_altar, guppyfry_early_orc_mine

Skill      XL: |  1  2  3  4  5 |
---------------+----------------+-----
Axes           | 2 3 4 5 |  5.3
Fighting       | |  3.0
Armour         | |  2.6
Shields        | |  2.6

Action                   |  1- 3 |  4- 6 || total
-------------------------+-------+-------++-------
Melee: War axe           |   127 |    92 ||   219
       Headbutt          |    20 |    12 ||    32
  Use: Scroll            |       |     3 ||     3
       Potion            |       |     4 ||     4
  Eat: Chunk             |     1 |     3 ||     4
Armor: Scale mail        |    60 |    48 ||   108
Dodge: Dodged            |    37 |    27 ||    64
Block: Kite shield       |    57 |    52 ||   109
